 Dungeon Crawl Stone Soup version 0.17.1-3-g152610e (webtiles) character file.

67 Jerry the Distorting Ant (level 4, 0/35 HPs)
             Began as a Formicid Abyssal Knight on Mar 8, 2016.
             Was a Believer of Lugonu.
             Succumbed to poison (a potion of poison)
             ... on level 2 of the Dungeon.
             The game lasted 00:05:08 (1417 turns).

Jerry the Distorting Ant (Formicid Abyssal Knight)  Turns: 1417, Time: 00:05:08

Health: 0/35       AC:  3    Str: 18    XL:     4   Next: 40%
Magic:  6/6        EV: 16    Int: 16    God:    Lugonu [**....]
Gold:   63         SH:  0    Dex: 15    Spells: 0 memorised, 3 levels left

rFire  . . .     SeeInvis +     a - +1 mace
rCold  . . .     Clarity  .     b - +0 leather armour
rNeg   . . .     SustAt   .     (no shield)
rPois  .         Gourm    .     (helmet unavailable)
rElec  .         Spirit   .     (no cloak)
rCorr  .         Warding  .     (no gloves)
rMut   .         Stasis   +     (no boots)
MR     .....                    (no amulet)
Stlth  ++........               (no ring)
                                (no ring)

@: brilliant, agile, lethally poisoned (0 -> -16), flying, not resistant to
hostile enchantments, unstealthy
A: permanent stasis, dig shafts and tunnels, four strong arms, antennae 3
a: Dig, Shaft Self, Depart the Abyss, Bend Space, Renounce Religion


You were on level 2 of the Dungeon.
You worshipped Lugonu.
Lugonu was pleased with you.
You were not hungry.

You visited 1 branch of the dungeon, and saw 2 of its levels.
You visited the Abyss 1 time.

You collected 63 gold pieces.

Inventory:

Hand Weapons
 a - a +1 mace (weapon)
Armour
 b - a +0 leather armour (worn)
Scrolls
 e - a scroll of fog {unknown}
 f - a scroll of enchant weapon {unknown}
 g - a scroll of magic mapping {unknown}
 i - 3 scrolls of remove curse {unknown}
 k - a scroll of immolation {unknown}
 l - 2 scrolls of identify {unknown}
Comestibles
 c - 3 bread rations
 m - 5 fruits


   Skills:
 - Level 3.2 Fighting
 + Level 2.9 Maces & Flails
 + Level 3.2 Armour
 - Level 0.8 Dodging
 + Level 3.3 Invocations


You had 3 spell levels left.
You didn't know any spells.

Dungeon Overview and Level Annotations

Branches:
Dungeon (2/15)

Altars:
Cheibriados


Innate Abilities, Weirdness & Mutations

You are under a permanent stasis effect.
You can dig through walls and to a lower floor.
Your four strong arms can wield two-handed weapons with a shield.
You have a pair of large antennae on your head (SInv).


Message History

You feel clever all of a sudden.
* * * LOW HITPOINT WARNING * * *
You feel sick. The adder misses you.
Drink which item? (? for menu, Esc to quit)
It was a potion of flight.
You feel very buoyant.
You fly up into the air.
The adder misses you. The adder closely misses you.
Drink which item? (? for menu, Esc to quit)
It was a potion of poison.
That liquid tasted very nasty...
You are more poisoned.
* * * LOW HITPOINT WARNING * * *
You feel sick. The adder closely misses you.
You barely miss the adder.
The adder is heavily wounded.
* * * LOW HITPOINT WARNING * * *
You feel sick. The adder closely misses you. The adder barely misses you.
You thump the adder!
You kill the adder!
Lugonu accepts your kill.
You die...

{ { ## ########## ....
########........) ....
......†@..<.# ###
...#####.###############
+.........(..........
#####.##############.
#.....# ########.
#..>..'.. .........
#.....############.
#.....# #. ####### ##


There were no monsters in sight!

Vanquished Creatures
  A worker ant (D:1)
  An adder (D:2)
  An ooze (D:1)
  A worm (D:2)
  A giant gecko (D:1)
  A giant cockroach (D:1)
  4 goblins (D:1)
  2 hobgoblins (D:2)
  A jackal (D:1)
  A quokka (D:2)
  A ball python (D:1)
  4 bats
  4 giant newts (D:1)
  5 kobolds
  4 rats (D:1)
32 creatures vanquished.

Notes
Turn   | Place    | Note
--------------------------------------------------------------
     0 | Abyss:1  | Jerry the Formicid Abyssal Knight began the quest for the Orb.
     0 | Abyss:1  | Reached XP level 1. HP: 18/18 MP: 2/2
    29 | D:1      | Escaped the Abyss
   189 | D:1      | Reached XP level 2. HP: 18/24 MP: 4/4
   599 | D:1      | Reached ** piety under Lugonu
   608 | D:1      | Reached XP level 3. HP: 22/29 MP: 5/5
  1108 | D:2      | Reached XP level 4. HP: 32/35 MP: 6/6
  1109 | D:2      | Found a snail-covered altar of Cheibriados.
  1417 | D:2      | Succumbed to poison (a potion of poison)

Action                   |  1- 3 |  4- 6 || total
-------------------------+-------+-------++-------
Melee: Mace              |    63 |    35 ||    98
  Use: Potion            |       |     4 ||     4
  Eat: Chunk             |     1 |     1 ||     2
